 Dungeon Crawl Stone Soup version 0.19.0-2-gae57169 (webtiles) character file.

29692 Monkfish the Unseen (level 13, -13/81 HPs)
             Began as a Kobold Berserker on Nov 5, 2016.
             Was a High Priest of Trog.
             Mangled by a death yak (22 damage)
             ... on level 5 of the Lair of Beasts.
             The game lasted 00:29:27 (14360 turns).

Monkfish the Unseen (Kobold Berserker)             Turns: 14360, Time: 00:29:28

Health: -13/81     AC: 13    Str: 16    XL:     13   Next: 83%
Magic:  16/16      EV: 22    Int: 11    God:    Trog [*****.]
Gold:   911        SH:  0    Dex: 18    Spells: 0 memorised, 12 levels left

rFire  + + .     SeeInvis +     n - +8 dagger of Desperation {pierce, Dex+3}
rCold  . . .     Gourm    .     H - +0 ring mail of Esafica {rF++ Int+3 Dex-3 SInv}
rNeg   . . .     Faith    .     (shield restricted)
rPois  .         Spirit   .     v - +2 helmet
rElec  .         Reflect  .     s - +1 cloak
rCorr  .         Harm     .     m - +2 pair of gloves
MR     +....                    (no boots)
Stlth  ++++++++..               (no amulet)
                                o - ring of protection from magic
                                z - ring of stealth

@: exhausted, slowed, very slow
A: carnivore 3
a: Berserk, Trog's Hand, Brothers in Arms, Burn Spellbooks, Renounce Religion


You were on level 5 of the Lair of Beasts.
You worshipped Trog.
Trog was extremely pleased with you.
You were not hungry.

You visited 2 branches of the dungeon, and saw 17 of its levels.

You collected 911 gold pieces.

Inventory:

Hand Weapons
 f - a +1 short sword of freezing
 n - the +8 dagger of Desperation (weapon) {pierce, Dex+3}
   (You found it on level 6 of the Dungeon)

   It inflicts extra damage upon your enemies.
   It affects your dexterity (+3).
 x - a +1 dagger of flaming
 E - a +3 rapier of venom
Armour
 m - a +2 pair of gloves (worn)
 s - a +1 cloak (worn)
 v - a +2 helmet (worn)
 H - the +0 ring mail of Esafica (worn) {rF++ Int+3 Dex-3 SInv}
   (You found it on level 4 of the Lair of Beasts)

   It affects your intelligence (+3).
   It affects your dexterity (-3).
   It greatly protects you from fire.
   It lets you see invisible.
Jewellery
 o - a ring of protection from magic (right hand)
 z - a ring of stealth (left hand)
Wands
 b - a wand of iceblast (0/15)
 d - a wand of paralysis (0/24)
 l - a wand of confusion (26/48)
 w - a wand of flame (0/48)
 y - a wand of digging (14/24)
 G - a wand of lightning (2/15)
Scrolls
 e - a scroll of remove curse
 i - 5 scrolls of blinking
 k - a scroll of teleportation
 q - a scroll of magic mapping
 B - 2 scrolls of silence
Potions
 a - 5 potions of curing
 h - a potion of mutation
 p - a potion of might
 r - 2 potions of heal wounds
 t - 4 potions of agility
 A - a potion of flight
 D - a potion of ambrosia
 I - a potion of resistance
Comestibles
 c - 8 meat rations
 g - 3 slices of pizza
 j - 3 royal jellies
 u - 3 beef jerkies


   Skills:
 + Level 9.7 Fighting
 + Level 13.2 Short Blades
 + Level 1.9 Armour
 + Level 11.4 Dodging
 + Level 19.9 Stealth
 + Level 4.5 Evocations


You had 12 spell levels left.
You didn't know any spells.

Dungeon Overview and Level Annotations

Branches:
Dungeon (11/15)            Temple (0/1) D:4            Lair (6/6) D:10
 Shoals (0/4) Lair:4        Snake (0/4) Lair:3
  Slime: Lair:5-6       Orc: D:9-12

Altars:
Cheibriados
Dithmenos
Elyvilon
Fedhas
Hepliaklqana
Kikubaaqudgha
Nemelex Xobeh
Okawaru
Ru
Sif Muna
Zin
The Shining One

Shops:
D:6 =

Annotations:
Lair:1 exclusion: oklob plant
Lair:3 exclusions: downstairs and 2 nagas


Innate Abilities, Weirdness & Mutations

You are small and have problems with some larger weapons.
You are carnivorous and can eat meat at any time.


Message History

Your ogre dies!
Your ogre's corpse disappears in a puff of smoke!
You feel your anger subside.
You are no longer berserk.
You are exhausted.
You feel yourself slow down. The death yak completely misses you.
There is a stone staircase leading up here.
The death yak gores you but does no damage.
The death yak misses you.
You climb upwards.
There is a stone staircase leading down here.
As you read the scroll of fear, it crumbles to dust.
You assume a fearsome visage.
The death yak resists with almost no effort. x2
The death yak gores you.
* * * LOW HITPOINT WARNING * * *
The death yak gores you.
* * * LOW HITPOINT WARNING * * *
The death yak gores you!!
You die...

........................##.....#.
........................###.....>
.........................#P......
.........)..............#........
........................###......
.........................##......
..........................P......
....(..........Y.................
................@Y...............
.........P.......................
..#.....#P..#..####..#.#..#......
.##############.# #######..#.P.##
## ### ########


You could see 2 death yaks.

Vanquished Creatures
  3 hydras
  A death yak (Lair:6)
  Urug (Lair:4)
  Sonja (Lair:2)
  Nergalle (Lair:4)
  2 hill giants
  Pikel (D:7)
  Joseph (D:7)
  A black mamba (Lair:2)
  3 elephants (Lair:4)
  8 spiny frogs
  9 komodo dragons
  3 kobold demonologists (D:11)
  The ghost of Xiguana the Slasher, a novice HESk (D:4)
  A merfolk (D:9)
  13 blink frogs
  Grinder (D:5)
  10 hippogriffs
  2 wyverns
  15 yaks
  Grum (D:10)
  A mottled dragon (D:11)
  3 hungry ghosts
  A naga (Lair:3)
  4 porcupines
  12 water moccasins
  3 orc warriors
  A slave (D:7)
  A sky beast (D:10)
  4 black bears
  2 necrophages
  A phantom (D:10)
  7 ogres
  11 wolves
  13 centaurs
  6 crocodiles
  3 big kobolds (D:11)
  6 bullfrogs
  A water moccasin zombie (D:11)
  3 scorpions
  2 electric eels
  2 crimson imps
  A quasit (D:6)
  A bullfrog zombie (D:6)
  3 hounds
  A jelly (D:6)
  2 bullfrog skeletons
  2 gnoll shamans
  2 orc priests (D:6)
  Crazy Yiuf (D:5)
  A centaur skeleton (D:4)
  Ijyb (D:2)
  3 iguanas
  11 orc wizards
  7 worker ants
  3 hound skeletons
  A worker ant zombie (D:10)
  2 howler monkey zombies
  10 gnolls
  15 adders
  5 shadow imps
  An ooze (D:3)
  2 worms
  A dart slug (D:1)
  7 leopard geckos
  38 orcs
  4 ball pythons
  6 giant cockroaches
  9 goblins
  7 hobgoblins
  24 jackals
  7 quokkas
  10 bats
  2 frilled lizards
  A jackal skeleton (D:5)
  10 kobolds
  5 rats
372 creatures vanquished.

Vanquished Creatures (collateral kills)
  Harold (Lair:2)
  2 death yaks (Lair:6)
3 creatures vanquished.

Vanquished Creatures (others)
  A crimson imp (D:7)
  2 orcs (D:7)
  3 fungi
  A plant (Lair:4)
7 creatures vanquished.

Grand Total: 382 creatures vanquished

Notes
Turn   | Place    | Note
-------+----------+-------------------------------------------
     0 | D:1      | Monkfish the Kobold Berserker began the quest for the Orb.
     0 | D:1      | Reached XP level 1. HP: 14/14 MP: 1/1
   142 | D:1      | Reached XP level 2. HP: 15/19 MP: 2/2
   208 | D:1      | Reached skill level 1 in Stealth
   558 | D:1      | Reached XP level 3. HP: 24/24 MP: 3/3
   983 | D:2      | Noticed Ijyb
   993 | D:2      | Killed Ijyb
   993 | D:2      | Reached skill level 2 in Stealth
   993 | D:2      | Reached XP level 4. HP: 29/29 MP: 4/4
  1058 | D:2      | Reached ** piety under Trog
  1076 | D:2      | Found a faded altar of an unknown god.
  1193 | D:2      | Found a shadowy altar of Dithmenos.
  1355 | D:2      | Found a sacrificial altar of Ru.
  1379 | D:2      | Reached XP level 5. HP: 21/34 MP: 5/5
  1459 | D:2      | Found a blossoming altar of Fedhas.
  1772 | D:3      | Reached skill level 5 in Short Blades
  2092 | D:3      | Found an ancient bone altar of Kikubaaqudgha.
  2110 | D:3      | Reached XP level 6. HP: 39/39 MP: 6/6
  2216 | D:3      | Found an iron altar of Okawaru.
  2470 | D:4      | Reached *** piety under Trog
  2527 | D:4      | Reached skill level 3 in Stealth
  2868 | D:4      | Noticed Xiguana's ghost (novice HESk)
  2874 | D:4      | Found a staircase to the Ecumenical Temple.
  2888 | D:4      | Killed Xiguana's ghost
  2888 | D:4      | Reached skill level 5 in Fighting
  2888 | D:4      | Reached skill level 5 in Stealth
  2888 | D:4      | Reached XP level 7. HP: 44/44 MP: 7/7
  2984 | D:4      | Reached skill level 5 in Dodging
  3244 | D:5      | Entered Level 5 of the Dungeon
  3255 | D:5      | Found a runed door.
  3368 | D:5      | Reached XP level 8. HP: 49/49 MP: 8/8
  3603 | D:5      | Reached skill level 6 in Stealth
  3641 | D:5      | Noticed Grinder
  3653 | D:5      | Killed Grinder
  3760 | D:5      | Found a deep blue altar of Sif Muna.
  4038 | D:5      | Noticed Crazy Yiuf
  4042 | D:5      | Killed Crazy Yiuf
  4131 | D:6      | Found a hazy altar of Hepliaklqana.
  4164 | D:6      | Found Veidoirph's Jewellery Shoppe.
  4168 | D:6      | Reached skill level 7 in Stealth
  4192 | D:6      | Reached XP level 9. HP: 55/55 MP: 9/9
  4318 | D:6      | Reached **** piety under Trog
  4460 | D:6      | Got a jewelled dagger
  4472 | D:6      | Reached skill level 8 in Stealth
  4633 | D:6      | HP: 2/82 [black bear (9)]
  5069 | D:6      | Reached skill level 9 in Stealth
  5157 | D:6      | Reached skill level 10 in Short Blades
  5392 | D:6      | Found a glowing silver altar of Zin.
  5392 | D:6      | Found a white marble altar of Elyvilon.
  5392 | D:6      | Found a glowing golden altar of the Shining One.
  5549 | D:7      | Noticed Joseph
  5553 | D:7      | Noticed a hippogriff
  5569 | D:7      | Killed a hippogriff
  5580 | D:7      | Killed Joseph
  5580 | D:7      | Reached skill level 10 in Stealth
  5580 | D:7      | Reached skill level 1 in Evocations
  5580 | D:7      | Reached XP level 10. HP: 26/61 MP: 10/10
  5625 | D:7      | Found a snail-covered altar of Cheibriados.
  5749 | D:7      | Noticed Pikel
  5770 | D:7      | Killed Pikel
  5893 | D:7      | Received a gift from Trog
  5903 | D:7      | Reached skill level 11 in Stealth
  6058 | D:7      | Identified the +8 dagger of Desperation {pierce, Dex+3} (You found it on level 6 of the Dungeon)
  6174 | D:7      | Found a sparkling altar of Nemelex Xobeh.
  7188 | D:9      | Reached skill level 12 in Stealth
  7975 | D:10     | Entered Level 10 of the Dungeon
  8001 | D:10     | Reached XP level 11. HP: 68/68 MP: 12/12
  8175 | D:10     | Reached skill level 13 in Stealth
  8493 | D:10     | Found a staircase to the Lair.
  8516 | D:10     | Noticed a hill giant
  8526 | D:10     | Killed a hill giant
  8700 | D:10     | Noticed Grum
  8702 | D:10     | Killed Grum
  8708 | D:10     | Reached ***** piety under Trog
  8720 | D:10     | Reached skill level 14 in Stealth
  8894 | D:11     | Noticed a soul eater
  9151 | D:11     | Noticed an eight-headed hydra
  9154 | D:11     | Killed an eight-headed hydra
  9154 | D:11     | Reached skill level 15 in Stealth
  9184 | D:11     | Noticed a five-headed hydra
  9223 | D:11     | Killed a five-headed hydra
  9283 | D:11     | Noticed a hill giant
  9294 | D:11     | Killed a hill giant
  9299 | D:11     | Reached skill level 16 in Stealth
  9299 | D:11     | Reached XP level 12. HP: 73/73 MP: 13/13
  9764 | Lair:1   | Entered Level 1 of the Lair of Beasts
 10502 | Lair:2   | Noticed Sonja
 10508 | Lair:2   | Killed Sonja
 10508 | Lair:2   | Received a gift from Trog
 10549 | Lair:2   | Reached skill level 17 in Stealth
 10965 | Lair:2   | Noticed Harold
 11336 | Lair:2   | Reached skill level 18 in Stealth
 11345 | Lair:2   | Killed Harold
 11345 | Lair:2   | Reached skill level 10 in Dodging
 11645 | Lair:3   | Found a staircase to the Snake Pit.
 11992 | Lair:3   | Reached XP level 13. HP: 35/80 MP: 15/15
 12825 | Lair:4   | Noticed Urug
 12842 | Lair:4   | Killed Urug
 13112 | Lair:4   | Noticed Nergalle
 13114 | Lair:4   | Killed Nergalle
 13114 | Lair:4   | Reached skill level 19 in Stealth
 13428 | Lair:4   | Found a staircase to the Shoals.
 13480 | Lair:4   | Got a warped ring mail
 13481 | Lair:4   | Identified the +0 ring mail of Esafica {rF++ Int+3 Dex-3 SInv} (You found it on level 4 of the Lair of Beasts)
 14214 | Lair:6   | Entered Level 6 of the Lair of Beasts
 14214 | Lair:6   | Noticed an eight-headed hydra
 14226 | Lair:6   | Killed an eight-headed hydra
 14302 | Lair:6   | Noticed an eight-headed hydra
 14360 | Lair:5   | Mangled by a death yak

Skill      XL: |  1  2  3  4  5  6  7  8  9 10 11 12 13 |
---------------+----------------------------------------+-----
Stealth        | 1 2 5 7 10 12 16 18 19 | 19.9
Fighting       | 4 5 6 7 8 9 |  9.7
Dodging        | 3 4 5 7 8 9 10 11 | 11.4
Short Blades   | 5 6 7 9 10 11 12 13 | 13.2
Evocations     | 1 2 3 4 |  4.5
Armour         | |  1.9

Action                   |  1- 3 |  4- 6 |  7- 9 | 10-12 | 13-15 || total
-------------------------+-------+-------+-------+-------+-------++-------
Melee: Short sword       |    90 |   257 |   323 |    77 |       ||   747
       Dagger            |       |       |       |   600 |   200 ||   800
Invok: Berserk           |     4 |     5 |     7 |    12 |     4 ||    32
       Trog's Hand       |       |     4 |     2 |    14 |     4 ||    24
       Burn Spellbooks   |       |       |       |     2 |     1 ||     3
       Brothers in Arms  |       |       |       |     1 |     1 ||     2
Evoke: Wand              |       |       |     7 |    29 |    14 ||    50
  Use: Scroll            |     5 |     4 |     9 |    17 |     5 ||    40
       Potion            |     2 |     2 |     3 |     1 |       ||     8
 Stab: Sleeping          |     3 |     6 |    10 |    33 |    23 ||    75
       Distracted        |       |       |     4 |     2 |       ||     6
       Paralysed         |       |       |     3 |     4 |     3 ||    10
       Confused          |       |       |       |     3 |     4 ||     7
  Eat: Chunk             |     7 |    14 |     9 |    37 |     9 ||    76
       Meat ration       |       |       |     1 |     1 |       ||     2
Armor: Animal skin       |    13 |    13 |       |       |       ||    26
       Leather armour    |       |     8 |    71 |    50 |     8 ||   137
       Robe              |       |       |       |    12 |       ||    12
       Ring mail         |       |       |       |       |    10 ||    10
Dodge: Dodged            |    87 |   177 |   233 |   451 |   112 ||  1060
